AoeStats
← TheQuietRiot

Arena

504764224Analyzed
1v1 RM · 26d ago on Sep 6, 2026· 18m 51s· 2 players
Game mode
Random Map
Map size
Tiny (2 player)
Population
200
Speed
Normal
Resources
Standard
Victory
Conquest
Starting age
Dark Age
Ending age
Imperial Age
RankedLock teamsTeams togetherTeam positionsShared explorationLock speedFull tech treeHidden civsTurbo modeCheats
Victory
Defeat
🇬🇧 Spanish · United Kingdom
950
+15
🇬🇧 Britons · United Kingdom
929
-15
TheQuietRiot
9:53 Feudal Age
8:37 Loom
10:30 Double-Bit Axe
13:00 Horse Collar
19:08 Castle Age
18:07 Gold Mining
18:07 Stone Mining
ANGOOSE
11:18 Feudal Age
12:53 Loom
15:19 Castle Age
14:18 Gold Mining
Connection lost

Rejoining the realm…

Still unreachable

The connection could not be restored.

Session expired

The server has moved on; the page needs a fresh start.